MLB
COLORADO ROCKIES @ MIAMI MARLINS
05/15/2020
 
TOP OF THE 1ST
Colorado Rockies batting - Pitching for Miami Marlins : RHP Chris Paddack
Pitching: RHP Chris Paddack
Batting: RHB Christian Lopes 0-0: Ball
1-0: Foul Ball, location: 2F
1-1: Ball
2-1: Foul Ball, location: 2F
2-2: Ball
3-2: Ground out 6-3 (Groundball, 6, EV 79.4 MPH)
Batting: SHB Victor Reyes 0-0: Ball
1-0: Foul Ball, location: 2F
1-1: Foul Ball, location: 2F
1-2: SINGLE (Line Drive, 7S, EV 106.9 MPH)
Batting: LHB Shohei Ohtani 0-0: Ball
1-0: Called Strike
1-1: Called Strike
1-2: DOUBLE (Line Drive, 8LXD, EV 99.4 MPH)
Victor Reyes to third
Victor Reyes scores
Batting: LHB Josh VanMeter 0-0: Called Strike
Shohei Ohtani is caught stealing 3rd base 2-5
0-1: Ball
1-1: Foul Ball, location: 2F
1-2: Strikes out looking
Top of the 1st over - 1 run, 2 hits, 0 errors, 0 left on base; Colorado 1 - Miami 0
BOTTOM OF THE 1ST
Miami Marlins batting - Pitching for Colorado Rockies : LHP Keegan Akin
Pitching: LHP Keegan Akin
Batting: RHB Victor Robles 0-0: Called Strike
0-1: Foul Ball, location: 2F
0-2: Fly out, F4 (Flyball, 34D, EV 91.9 MPH)
Batting: SHB Francisco Lindor 0-0: Ball
1-0: Foul Ball, location: 2F
1-1: Swinging Strike
1-2: SINGLE (Groundball, 5D, EV 100.6 MPH)
Batting: LHB Max Kepler 0-0: Swinging Strike
0-1: Foul Ball, location: 2F
0-2: Ball
1-2: Foul Ball, location: 2F
1-2: Ball
2-2: Grounds out, U3 (Groundball, 3L, EV 91.3 MPH)
Batting: RHB Miguel Andujar 0-0: Called Strike
0-1: Called Strike
0-2: Ball
1-2: Ball
2-2: Ball
3-2: Foul Ball, location: 2F
3-2: SINGLE (Line Drive, 34D, EV 95.6 MPH)
Francisco Lindor to third
Francisco Lindor scores
Batting: RHB Jordan Luplow 0-0: Fly out, F9 (Flyball, 9, EV 89.4 MPH)
Bottom of the 1st over - 1 run, 2 hits, 0 errors, 1 left on base; Colorado 1 - Miami 1
TOP OF THE 2ND
Colorado Rockies batting - Pitching for Miami Marlins : RHP Chris Paddack
Batting: RHB Michael Brosseau 0-0: Ball
1-0: Ball
2-0: SINGLE (Flyball, 8LS, EV 93.1 MPH)
Batting: RHB Orlando Arcia 0-0: Grounds into double play, 5-4-3 (Groundball, 5, EV 110.6 MPH)
Batting: LHB CJ Alexander 0-0: Ball
1-0: Ball
2-0: Ball
3-0: Called Strike
3-1: Foul Ball, location: 2F
3-2: Ground out 4-3 (Groundball, 4, EV 82.5 MPH)
Top of the 2nd over - 0 runs, 1 hit, 0 errors, 0 left on base; Colorado 1 - Miami 1
BOTTOM OF THE 2ND
Miami Marlins batting - Pitching for Colorado Rockies : LHP Keegan Akin
Batting: RHB Raudy Read 0-0: Called Strike
0-1: Ball
1-1: Swinging Strike
1-2: Fly out, F9 (Flyball, 9LM, EV 75.6 MPH)
Batting: LHB Brandon Belt 0-0: Called Strike
0-1: Ball
1-1: Foul Ball, location: 2F
1-2: Ball
2-2: Foul Ball, location: 2F
2-2: Foul Ball, location: 2F
2-2: Ground out 6-3 (Groundball, 6D, EV 78.8 MPH)
Batting: SHB Rey Navarro 0-0: Swinging Strike
0-1: Ball
1-1: Fly out, F8 (Line Drive, 8RD, EV 103.1 MPH)
Bottom of the 2nd over - 0 runs, 0 hits, 0 errors, 0 left on base; Colorado 1 - Miami 1
TOP OF THE 3RD
Colorado Rockies batting - Pitching for Miami Marlins : RHP Chris Paddack
Batting: LHB Nick Ciuffo 0-0: Ball
1-0: Ball
2-0: Called Strike
2-1: Ball
3-1: Foul Ball, location: 2F
3-2: Strikes out looking
Batting: LHB Keegan Akin 0-0: Fly out, F8 (Flyball, 8LM, EV 88.8 MPH)
Batting: RHB Christian Lopes 0-0: Ball
1-0: Ball
2-0: Ground out 4-3 (Groundball, 4, EV 96.9 MPH)
Top of the 3rd over - 0 runs, 0 hits, 0 errors, 0 left on base; Colorado 1 - Miami 1
BOTTOM OF THE 3RD
Miami Marlins batting - Pitching for Colorado Rockies : LHP Keegan Akin
Batting: RHB Chris Paddack 0-0: Ball
1-0: Called Strike
1-1: Ground out 2-3 (Groundball, 15S, EV 70.6 MPH)
Batting: RHB Victor Robles 0-0: Ball
1-0: Foul Ball, location: 2F
1-1: Ball
2-1: Swinging Strike
2-2: Fly out, F8 (Line Drive, 8LM, EV 101.9 MPH)
Batting: SHB Francisco Lindor 0-0: Ball
1-0: Fly out, F6 (Popup, 6MD, EV 68.1 MPH)
Bottom of the 3rd over - 0 runs, 0 hits, 0 errors, 0 left on base; Colorado 1 - Miami 1
TOP OF THE 4TH
Colorado Rockies batting - Pitching for Miami Marlins : RHP Chris Paddack
Batting: SHB Victor Reyes 0-0: Called Strike
0-1: Ball
1-1: Fly out, F7 (Flyball, 7S, EV 87.5 MPH)
Batting: LHB Shohei Ohtani 0-0: Called Strike
0-1: Ball
1-1: Fly out, F8 (Flyball, 8LXD, EV 100.6 MPH)
Batting: LHB Josh VanMeter 0-0: Ball
1-0: Called Strike
1-1: Foul Ball, location: 2F
1-2: Fly out, F9 (Flyball, 89S, EV 95.6 MPH)
Top of the 4th over - 0 runs, 0 hits, 0 errors, 0 left on base; Colorado 1 - Miami 1
BOTTOM OF THE 4TH
Miami Marlins batting - Pitching for Colorado Rockies : LHP Keegan Akin
Batting: LHB Max Kepler 0-0: Ball
1-0: Ball
2-0: Ball
3-0: Called Strike
3-1: Foul Ball, location: 2F
3-2: Base on Balls
Batting: RHB Miguel Andujar 0-0: Grounds into double play, 6-4-3 (Groundball, 6, EV 78.8 MPH)
Batting: RHB Jordan Luplow 0-0: Ball
1-0: Foul Ball, location: 2F
1-1: Ball
2-1: Called Strike
2-2: Ball
3-2: Foul Ball, location: 2F
3-2: Base on Balls
Batting: RHB Raudy Read 0-0: Ball
1-0: Ball
2-0: Foul Ball, location: 2F
2-1: Called Strike
2-2: Ball
3-2: Strikes out swinging
Bottom of the 4th over - 0 runs, 0 hits, 0 errors, 1 left on base; Colorado 1 - Miami 1
TOP OF THE 5TH
Colorado Rockies batting - Pitching for Miami Marlins : RHP Chris Paddack
Batting: RHB Michael Brosseau 0-0: Fly out, F7 (Flyball, 78D, EV 98.1 MPH)
Batting: RHB Orlando Arcia 0-0: Ball
1-0: Ball
2-0: Called Strike
2-1: Ball
3-1: Called Strike
3-2: Ground out 5-3 (Groundball, 56, EV 113.8 MPH)
Batting: LHB CJ Alexander 0-0: Called Strike
0-1: Foul Ball, location: 2F
0-2: Foul Ball, location: 2F
0-2: Foul Ball, location: 2F
0-2: Ball
1-2: Foul Ball, location: 2F
1-2: Strikes out swinging
Top of the 5th over - 0 runs, 0 hits, 0 errors, 0 left on base; Colorado 1 - Miami 1
BOTTOM OF THE 5TH
Miami Marlins batting - Pitching for Colorado Rockies : LHP Keegan Akin
Batting: LHB Brandon Belt 0-0: Ball
1-0: Swinging Strike
1-1: Swinging Strike
1-2: Foul Ball, location: 2F
1-2: Strikes out swinging
Batting: SHB Rey Navarro 0-0: Ball
1-0: Called Strike
1-1: Ball
2-1: Ball
3-1: Foul Ball, location: 2F
3-2: Ground out 1-3 (Groundball, 13S, EV 70.0 MPH)
Batting: RHB Chris Paddack 0-0: Ball
1-0: Fly out, F9 (Flyball, 9LM, EV 94.4 MPH)
Bottom of the 5th over - 0 runs, 0 hits, 0 errors, 0 left on base; Colorado 1 - Miami 1
TOP OF THE 6TH
Colorado Rockies batting - Pitching for Miami Marlins : RHP Chris Paddack
Batting: LHB Nick Ciuffo 0-0: Called Strike
0-1: Called Strike
0-2: Strikes out swinging
Batting: LHB Keegan Akin 0-0: Called Strike
0-1: Swinging Strike
0-2: Foul Ball, location: 2F
0-2: Foul Ball, location: 2F
0-2: Ball
1-2: Ball
2-2: Ball
3-2: Strikes out swinging
Batting: RHB Christian Lopes 0-0: Foul Ball, location: 2F
0-1: Ball
1-1: Swinging Strike
1-2: Foul Ball, location: 2F
1-2: SINGLE (Line Drive, 4MD, EV 96.9 MPH)
Batting: SHB Victor Reyes 0-0: SINGLE (Line Drive, 6MD, EV 99.4 MPH)
Christian Lopes to second
Runner from 2nd tries for 3rd, SAFE, throw by CF made to third
Batting: LHB Shohei Ohtani 0-0: Called Strike
0-1: Swinging Strike
0-2: Fly out, F7 (Line Drive, 7, EV 93.8 MPH)
Top of the 6th over - 0 runs, 2 hits, 0 errors, 2 left on base; Colorado 1 - Miami 1
BOTTOM OF THE 6TH
Miami Marlins batting - Pitching for Colorado Rockies : LHP Keegan Akin
Batting: RHB Victor Robles 0-0: Swinging Strike
0-1: Bunt missed!
0-2: Foul Ball, location: 2F
0-2: Foul Ball, location: 2F
0-2: Ground out 4-3 (Groundball, 4, EV 106.3 MPH)
Batting: SHB Francisco Lindor 0-0: Ball
1-0: Called Strike
1-1: Ball
2-1: Ball
3-1: Foul Ball, location: 2F
3-2: Fly out, F8 (Flyball, 8RXD, EV 90.6 MPH)
Batting: LHB Max Kepler 0-0: Foul Ball, location: 2F
0-1: Ball
1-1: Swinging Strike
1-2: Foul Ball, location: 2F
1-2: Ball
2-2: Foul Ball, location: 2F
2-2: Foul Ball, location: 2F
2-2: Ground out 5-3 (Groundball, 6, EV 102.5 MPH)
Bottom of the 6th over - 0 runs, 0 hits, 0 errors, 0 left on base; Colorado 1 - Miami 1
TOP OF THE 7TH
Colorado Rockies batting - Pitching for Miami Marlins : RHP Chris Paddack
Pitching: RHP Will LaMarche
Batting: LHB Josh VanMeter 0-0: Ball
1-0: Fly out, F9 (Flyball, 9LS, EV 71.3 MPH)
Batting: RHB Michael Brosseau 0-0: Foul Ball, location: 2F
0-1: Called Strike
0-2: Strikes out swinging
Batting: RHB Orlando Arcia 0-0: Ball
1-0: Foul Ball, location: 2F
1-1: Swinging Strike
1-2: Strikes out swinging
Top of the 7th over - 0 runs, 0 hits, 0 errors, 0 left on base; Colorado 1 - Miami 1
BOTTOM OF THE 7TH
Miami Marlins batting - Pitching for Colorado Rockies : LHP Keegan Akin
Pitching: LHP Austin Davis
Batting: RHB Miguel Andujar 0-0: Ball
1-0: Fly out, F5 (Popup, 5F, EV 68.1 MPH)
Batting: RHB Jordan Luplow 0-0: Ball
1-0: Fly out, F4 (Popup, 6D, EV 50.6 MPH)
Batting: RHB Raudy Read 0-0: Ball
1-0: Ball
2-0: Foul Ball, location: 2F
2-1: DOUBLE (Line Drive, 78XD, EV 107.5 MPH)
Batting: LHB Brandon Belt 0-0: Called Strike
0-1: Called Strike
0-2: Ground out 5-3 (Groundball, 6S, EV 91.3 MPH)
Bottom of the 7th over - 0 runs, 1 hit, 0 errors, 1 left on base; Colorado 1 - Miami 1
TOP OF THE 8TH
Colorado Rockies batting - Pitching for Miami Marlins : RHP Will LaMarche
Batting: LHB CJ Alexander 0-0: Foul Ball, location: 2F
0-1: Ball
1-1: Swinging Strike
1-2: Ball
2-2: Strikes out swinging
Batting: LHB Nick Ciuffo 0-0: Called Strike
0-1: Foul Ball, location: 2F
0-2: Strikes out swinging
Pinch Hitting: RHB Miguel Cabrera 0-0: Ball
1-0: Ball
2-0: Swinging Strike
2-1: Called Strike
2-2: Strikes out swinging
Top of the 8th over - 0 runs, 0 hits, 0 errors, 0 left on base; Colorado 1 - Miami 1
BOTTOM OF THE 8TH
Miami Marlins batting - Pitching for Colorado Rockies : LHP Austin Davis
Pitching: LHP Jeffrey Springs
Batting: SHB Rey Navarro 0-0: SINGLE (Flyball, 89S, EV 93.8 MPH)
Pinch Hitting: RHB Andrew Susac 0-0: Ball
1-0: Foul Ball, location: 2F
1-1: Ball
2-1: Called Strike
2-2: Foul Ball, location: 2F
2-2: Grounds into double play, 6-4-3 (Groundball, 6, EV 76.3 MPH)
Batting: RHB Victor Robles 0-0: DOUBLE (Line Drive, 7D, EV 97.5 MPH)
Batting: SHB Francisco Lindor 0-0: Intentional Walk
Batting: LHB Max Kepler 0-0: Foul Ball, location: 2F
0-1: Ball
1-1: Foul Ball, location: 2F
1-2: Ground out 4-3 (Groundball, 4, EV 85.0 MPH)
Bottom of the 8th over - 0 runs, 2 hits, 0 errors, 2 left on base; Colorado 1 - Miami 1
TOP OF THE 9TH
Colorado Rockies batting - Pitching for Miami Marlins : RHP Will LaMarche
Pitching: RHP Jordan Hicks
Batting: RHB Christian Lopes 0-0: Foul Ball, location: 2F
0-1: Called Strike
0-2: Foul Ball, location: 2F
0-2: Strikes out swinging
Batting: SHB Victor Reyes 0-0: Ball
1-0: Ground out 4-3 (Groundball, 4M, EV 80.6 MPH)
Batting: LHB Shohei Ohtani 0-0: Ball
1-0: Called Strike
1-1: Swinging Strike
1-2: Fly out, F3 (Popup, 3L, EV 70.6 MPH)
Top of the 9th over - 0 runs, 0 hits, 0 errors, 0 left on base; Colorado 1 - Miami 1
BOTTOM OF THE 9TH
Miami Marlins batting - Pitching for Colorado Rockies : LHP Jeffrey Springs
Pitching: RHP David Sosebee
Batting: RHB Miguel Andujar 0-0: Ball
1-0: Called Strike
1-1: Called Strike
1-2: Fly out, F9 (Flyball, 9, EV 90.0 MPH)
Batting: RHB Jordan Luplow 0-0: Foul Ball, location: 2F
0-1: Foul Ball, location: 2F
0-2: Ball
1-2: Foul Ball, location: 2F
1-2: Foul Ball, location: 2F
1-2: Ball
2-2: Strikes out swinging
Batting: RHB Raudy Read 0-0: Ground out 5-3 (Groundball, 56, EV 91.9 MPH)
Bottom of the 9th over - 0 runs, 0 hits, 0 errors, 0 left on base; Colorado 1 - Miami 1
TOP OF THE 10TH
Colorado Rockies batting - Pitching for Miami Marlins : RHP Jordan Hicks
Batting: LHB Josh VanMeter 0-0: Swinging Strike
0-1: Swinging Strike
0-2: Ball
1-2: Ground out 4-3 (Groundball, 34, EV 104.4 MPH)
Batting: RHB Michael Brosseau 0-0: Ball
1-0: Foul Ball, location: 2F
1-1: Swinging Strike
1-2: Strikes out swinging
Batting: RHB Orlando Arcia 0-0: Called Strike
0-1: Called Strike
0-2: Ball
1-2: Ball
2-2: Strikes out swinging, 2-3 out at first.
Top of the 10th over - 0 runs, 0 hits, 0 errors, 0 left on base; Colorado 1 - Miami 1
BOTTOM OF THE 10TH
Miami Marlins batting - Pitching for Colorado Rockies : RHP David Sosebee
Batting: LHB Brandon Belt 0-0: Ball
1-0: Foul Ball, location: 2F
1-1: Called Strike
1-2: Ball
2-2: Strikes out swinging
Pinch Hitting: RHB C.J. Cron 0-0: Called Strike
0-1: Swinging Strike
0-2: Ball
1-2: Foul Ball, location: 2F
1-2: SOLO HOME RUN (Flyball, 78XD, EV 112.5 MPH), Distance : 420 ft
Bottom of the 10th over - 1 run, 1 hit, 0 errors, 0 left on base; Colorado 1 - Miami 2
Monday, July 6th, 2020 - OOTP Baseball 21.4 Build 63